 Dungeon Crawl Stone Soup version 0.30.0-5-g1a98f26d00 (webtiles) character file.

Game seed: 7133682437347685631

8209 backslashecho the Martial Artist (level 11, -7/145 HPs)
             Began as a Meteoran Transmuter on May 9, 2023.
             Was a Priest of Wu Jian.
             Mangled by a yak (8 damage)
             ... on level 10 of the Dungeon.
             The game lasted 00:31:51 (4634 turns).

backslashecho the Martial Artist (MeTm)             Turns: 4634, Time: 00:31:52

Health: -7/145     AC: 25    Str: 11    XL:     11   Next: 80%
Magic:  16/16      EV:  2    Int: 20    God:    Wu Jian [***...]
Gold:   134        SH:  0    Dex: 15    Spells: 1/16 levels left

rFire   . .          .
                       - Unarmed
rCold   . . .        (no shield)
rNeg    . . .        B - melded +0 steam dragon scales
rPois   +            j - melded +1 helmet
rElec   .            y - melded scarf {+Inv}
rCorr   .            (gloves currently unavailable)
SInv    +            z - melded +0 pair of boots
Will    +....        (no amulet)
Stlth   +            d - +5 ring of evasion
HPRegen 0.44/turn    m - ring of see invisible
MPRegen 0.15/turn

%: no passive effects
@: lethally poisoned (-7 -> -9), tree-form, wereblooded, slowed, glowing, very
slow
A: stationary, stasis, torment immunity, boosted hp, sense surroundings 2,
otherworldly, glowing, explore regen
a: Renounce Religion, Wall Jump, Serpent's Lash


You were on level 10 of the Dungeon.
You worshipped Wu Jian.
Wu Jian was most pleased with you.
You were a tree.
You visited 2 branches of the dungeon, and saw 12 of its levels.

You collected 480 gold pieces.
You spent 346 gold pieces at shops.

Inventory:

Hand Weapons
 b - a +0 sling
Missiles
 c - 10 poisoned darts
 n - a throwing net
Armour
 j - a +1 helmet (melded)
 y - a scarf of invisibility (melded)
 z - a +0 pair of boots (melded)
 B - +0 steam dragon scales (melded)
 D - a +0 pair of gloves
Jewellery
 d - a +5 ring of evasion (left branch)
 l - a ring of positive energy
 m - a ring of see invisible (right branch)
Wands
 a - a wand of flame (22)
 i - a wand of charming (2)
 o - a wand of acid (11)
 r - a wand of mindburst (7)
Scrolls
 e - a scroll of enchant armour
 f - 9 scrolls of identify
 h - 4 scrolls of teleportation {unknown}
 k - a scroll of butterflies {unknown}
 p - 3 scrolls of fog {unknown}
 s - 2 scrolls of silence {unknown}
 A - 4 scrolls of enchant weapon {unknown}
 F - a scroll of amnesia {unknown}
Potions
 g - a potion of resistance
 q - 3 potions of flight {unknown}
 t - a potion of berserk rage {unknown}
 u - a potion of lignification
 v - 3 potions of heal wounds {unknown}
 w - 2 potions of mutation {unknown}
 x - 3 potions of curing {unknown}
 C - a potion of brilliance
 E - a potion of attraction {unknown}


   Skills:
 - Level 9.0 Fighting
 + Level 6.3 Dodging
 + Level 13.1 Unarmed Combat
 - Level 3.0 Spellcasting
 - Level 2.0 Translocations
 - Level 10.0 Transmutations
 - Level 5.0 Ice Magic


You had one spell level left.
You knew the following spells:

 Your Spells              Type           Power      Damage    Failure   Level
a - Beastly Appendage     Tmut           86%        N/A       1%          1
b - Blink                 Tloc           22%        N/A       10%         2
c - Wereblood             Tmut           43%        N/A       1%          2
d - Ice Form              Ice/Tmut       33%        N/A       6%          4
f - Spider Form           Tmut/Pois      23%        N/A       5%          3
x - Confusing Touch       Hex            3%         N/A       38%         3

Your spell library contained the following spells:

 Spells                   Type           Power      Damage    Failure   Level
 Magic Dart               Conj           12%        1d3       14%         1
 Slow                     Hex            12%        N/A       14%         1
 Lesser Beckoning         Tloc           22%        N/A       10%         2
 Momentum Strike          Conj/Tloc      14%        3d8       14%         2
 Hailstorm                Conj/Ice       13%        3d5       16%         3
 Call Imp                 Summ           6%         N/A       22%         2
 Mephitic Cloud           Conj/Pois/Air  3%         N/A       38%         3
 Vampiric Draining        Necr           3%         2d6       38%         3
 Statue Form              Tmut/Erth      15%        N/A       95%         6
 Iskenderun's Battlesphe  Conj           3%         2d6       98%         5
 Simulacrum               Ice/Necr       6%         N/A       100%        6
 Spellforged Servitor     Conj/Summ      1%         N/A       100%        7


Dungeon Overview and Level Annotations

Branches:
Dungeon (11/15) Zot: 2094  Temple (1/1) D:5 Zot: 541    Lair (0/5) D:8
    Orc: D:9-12

Altars:
Ashenzari
Dithmenos
Elyvilon
Gozag
Hepliaklqana
Makhleb
Nemelex Xobeh
Qazlal
Trog
Uskayaw
Vehumet
Wu Jian
The Shining One

Shops:
D:5 [   D:8 :

Portals:
Abyss: D:9

Annotations:
D:9 2 transporters, meatpath's ghost, novice MiBe


Innate Abilities, Weirdness & Mutations

You are a tree.
Your roots penetrate the ground, keeping you stationary.
You cannot be teleported.
You are immune to unholy pain and torment.
Your maximum health is greatly increased.
Your equipment is partially melded.
You passively map the area around you.
You are easily found by Zot.
You glow in the dark.
You regain HP and MP as you explore.


Message History

The yak closely misses you.
You take 16 damage, and have 12/116 hp.
Really quaff the potion of lignification?
You warm up again.
Your scarf of invisibility unmelds from your body.
Your +1 helmet unmelds from your body.
Your +0 pair of boots unmelds from your body.
Your +0 steam dragon scales unmelds from your body.
You become transparent for a moment.
You turn into a tree.
Your scarf of invisibility melds into your body.
Your +1 helmet melds into your body.
Your +0 pair of boots melds into your body.
Your +0 steam dragon scales melds into your body.
Your roots penetrate the ground.
You feel sick.
The killer bee stings you but does no damage. x4
The yak gores you but does no damage. x2
The killer bee stings you but does no damage. x2
You now have 14/145 hp.
You smack the killer bee!
The killer bee is almost dead.
You feel sick.
The killer bee stings you but does no damage. x2
The yak gores you but does no damage. x2
The killer bee stings you but does no damage. x2
You take 1 damage, and have 13/145 hp.
You barely miss the killer bee.
The killer bee is almost dead.
You feel sick.
The killer bee stings you but does no damage. x2
The yak gores you.
* * * LOW HITPOINT WARNING * * *
The yak gores you but does no damage.
The killer bee stings you but does no damage.
The killer bee stings you.
* * * LOW HITPOINT WARNING * * *
You take 5 damage, and have 8/145 hp.
Okay, then.
Aiming: Charm
Press: ? - help, Shift-Dir - straight line, f - orc priest
Aim: an orc priest, wielding a +0 short sword and wearing a +0 chain mail (chance to affect: 49%)
The orc priest is charmed.
You feel sick. The killer bee stings you.
* * * LOW HITPOINT WARNING * * *
The killer bee stings you.
* * * LOW HITPOINT WARNING * * *
The yak gores you but does no damage.
The killer bee stings you but does no damage. x2
The yak gores you but does no damage. x2
The killer bee stings you but does no damage. x2
The yak gores you!
You die...

...........#* * .#* ,
...........#####.# ... *
.............##..###.. ,
, .....................
,** , ,
....................# , ,
...##...............# ,,
####................ .. *
, ............†...o#,....
, ....##.........y♣#.....
* ,,
.........###...YYyo....#
* ,,
.#...###..#............#*
.#.##,,....>............
, #. ..............#..#
#, , ..........##..# .# ,
* ............,.... # , *
*#.................* , ,
#..............#.** ,


You could see 2 yaks, 2 killer bees, an orc and a friendly orc priest (charmed).

Vanquished Creatures
  A boulder beetle (D:9)
  Pikel (D:5)
  A manticore (D:6)
  Maggie (D:7)
  A kobold demonologist (D:8)
  An unseen horror (D:6)
  A vampire (D:10)
  Eustachio (D:4)
  A wraith (D:10)
  14 yaks
  A steam dragon (D:8)
  Menkaure (D:4)
  An acid dragon (D:6)
  A water moccasin (D:8)
  2 ice beasts
  A sky beast (D:8)
  5 orc warriors
  An ogre (D:5)
  3 centaurs
  A phantom (D:6)
  A bullfrog (D:6)
  A gnoll sergeant (D:5)
  2 scorpions
  3 wights (D:8)
  10 killer bees
  An electric eel (D:8)
  4 hounds
  7 orc priests
  A gnoll bouda (D:8)
  A jelly (D:4)
  Ijyb (D:3)
  Terence (D:2)
  2 iguanas
  12 orc wizards
  A sleepcap (D:6)
  Robin (D:4)
  10 gnolls
  7 adders
  2 ufetubi
  5 worms
  2 dart slugs (D:3)
  41 orcs
  4 bats
  2 endoplasms
  3 giant cockroaches
  14 goblins
  3 hobgoblins
  2 jackals (D:1)
  9 kobolds
  3 quokkas
  4 ball pythons
  2 frilled lizards (D:1)
  4 rats
206 creatures vanquished.

Vanquished Creatures (others)
  A hobgoblin (D:2)
1 creature vanquished.

Grand Total: 207 creatures vanquished

Notes
Turn   | Place    | Note
-------+----------+-------------------------------------------
     0 | D:1      | backslashecho the Meteoran Transmuter began the quest for
                  | the Orb.
     0 | D:1      | Reached XP level 1. HP: 16/16 MP: 5/5
    80 | D:1      | Reached XP level 2. HP: 23/23 MP: 4/6
   411 | D:1      | Reached XP level 3. HP: 28/28 MP: 8/8
   469 | D:2      | Reached skill level 4 in Unarmed Combat
   605 | D:2      | HP: 1/28 [hobgoblin (2)]
   670 | D:1      | Reached XP level 4. HP: 14/35 MP: 9/9
   702 | D:2      | Learned a level 2 spell: Wereblood
   799 | D:2      | Learned a level 3 spell: Spider Form
   814 | D:2      | You fall into a shaft and drop 1 floor!
   905 | D:2      | Reached XP level 5. HP: 16/40 MP: 7/10
   931 | D:3      | Noticed Terence
   955 | D:2      | Killed Terence
  1088 | D:3      | Noticed Ijyb
  1102 | D:3      | Killed Ijyb
  1103 | D:3      | Reached skill level 5 in Unarmed Combat
  1206 | D:4      | Reached XP level 6. HP: 31/47 MP: 11/11
  1214 | D:4      | Noticed Menkaure
  1219 | D:4      | Killed Menkaure
  1220 | D:4      | Reached skill level 6 in Unarmed Combat
  1220 | D:4      | Reached skill level 5 in Transmutations
  1225 | D:4      | Learned a level 4 spell: Ice Form
  1283 | D:4      | Noticed Robin
  1317 | D:4      | Killed Robin
  1318 | D:4      | Reached XP level 7. HP: 27/52 MP: 1/12
  1505 | D:4      | Noticed Eustachio
  1536 | D:4      | Killed Eustachio
  1655 | D:5      | Entered Level 5 of the Dungeon
  1663 | D:4      | Reached XP level 8. HP: 55/62 MP: 13/13
  1862 | D:5      | Identified the +0 scale mail of Cautaun {+Inv rC+ rN++
                  | Str-4}
  1879 | D:5      | Found a broken altar of Ashenzari.
  1889 | D:5      | Found Fesoim's Antique Armour Emporium.
  1897 | D:5      | Bought a pair of boots for 94 gold pieces
  1941 | D:5      | Noticed Pikel
  1952 | D:5      | Killed Pikel
  1953 | D:5      | Reached skill level 7 in Unarmed Combat
  1953 | D:5      | Gained mutation: You passively map the area around you.
                  | [Meteoran growth]
  1953 | D:5      | Reached XP level 9. HP: 71/71 MP: 9/14
  2185 | D:5      | Found a staircase to the Ecumenical Temple.
  2194 | D:5      | Reached skill level 8 in Unarmed Combat
  2204 | Temple   | Entered the Ecumenical Temple
  2239 | Temple   | Became a worshipper of the Wu Jian Council
  2387 | D:6      | Learned a level 2 spell: Blink
  2474 | D:6      | Reached skill level 5 in Fighting
  2520 | D:6      | Got the Anthology of the Radiant Gargoyle
  2528 | D:6      | Noticed a manticore
  2546 | D:6      | Noticed an unseen horror
  2552 | D:6      | Killed an unseen horror
  2561 | D:6      | Killed a manticore
  2562 | D:6      | Reached skill level 9 in Unarmed Combat
  2562 | D:6      | Reached skill level 10 in Transmutations
  2562 | D:6      | Reached XP level 10. HP: 68/83 MP: 13/15
  2751 | D:6      | Reached skill level 1 in Ice Magic
  2782 | D:6      | Found a white marble altar of Elyvilon.
  2895 | D:6      | Reached * piety under Wu Jian
  2910 | D:6      | Found a hazy altar of Hepliaklqana.
  2955 | D:7      | Noticed Maggie
  2971 | D:7      | Killed Maggie
  2972 | D:7      | Reached skill level 10 in Unarmed Combat
  3297 | D:8      | Found a transporter.
  3331 | D:8      | Reached skill level 5 in Ice Magic
  3346 | D:8      | Learned a level 3 spell: Confusing Touch
  3363 | D:8      | Found a transporter.
  3367 | D:8      | Found Fum Isch's Book Shoppe.
  3418 | D:8      | Noticed a kobold demonologist
  3423 | D:8      | Killed a kobold demonologist
  3424 | D:8      | Reached skill level 11 in Unarmed Combat
  3424 | D:8      | Reached XP level 11. HP: 94/94 MP: 16/16
  3436 | D:8      | Bought a book of Minor Magic for 252 gold pieces
  3480 | D:8      | Reached ** piety under Wu Jian
  3641 | D:8      | Found a staircase to the Lair.
  3745 | D:9      | Noticed a boulder beetle
  3762 | D:9      | Killed a boulder beetle
  3763 | D:9      | Reached skill level 12 in Unarmed Combat
  3855 | D:9      | Reached skill level 1 in Translocations
  3867 | D:10     | Entered Level 10 of the Dungeon
  3921 | D:9      | Reached skill level 5 in Dodging
  4074 | D:9      | Found a one-way gate to the infinite horrors of the Abyss.
  4074 | D:9      | Noticed meatpath's ghost (novice MiBe)
  4076 | D:9      | Noticed a toenail golem
  4083 | D:9      | Noticed a thrashing horror
  4100 | D:9      | Found a transporter.
  4112 | D:9      | Found a transporter.
  4584 | D:10     | Reached *** piety under Wu Jian
  4618 | D:10     | Reached skill level 13 in Unarmed Combat
  4634 | D:10     | HP: 7/145 [poisoned by a killer bee]
  4634 | D:10     | HP: 1/145 [killer bee (4)]
  4634 | D:10     | Mangled by a yak

Illustrated notes

Levels and vault maps discovered:
D:1:      minmay_arrival_stair_chambers, layout_basic, roderic_serpentine_path,
          kennysheep_another_room, grunt_decor_mini_mirrors,
          amcnicky_mini_corridor_feature
D:2:      layout_loops_cross, minmay_ruptured
D:3:      layout_basic, uniq_terence, uniq_ijyb, uniq_crazy_yiuf_cottage
D:4:      layout_cave_pods, chequers_serial_rivers_small_b, uniq_eustachio,
          uniq_menkaure, uniq_robin
D:5:      layout_loops_ring, ashenzari_altar_1, minmay_temple_entry_slanted,
          serial_shops, nicolae_shop_trees, uniq_pikel
D:6:      minmay_chambers_of_sixes, layout_loops_ring,
          mainiacjoe_overflow_catwalk_spiral, solitary_fountain,
          grunt_ministairs_8, moated_statue
D:7:      layout_gridville, uniq_maggie
D:8:      gammafunk_steamed_eel, layout_rooms, dpeg_oklobed_lair, serial_shops,
          shop, minmay_misc_feat_roman
D:9:      layout_grid_maze, gammafunk_ghost_abyssal_escape
D:10:     layout_cave_pools
D:11:     layout_long_grid, grunt_qazlal_sundering, uniq_josephine
Temple:   nicolae_temple_bog_church

Skill      XL: |  1  2  3  4  5  6  7  8  9 10 11 |
---------------+----------------------------------+-----
Spellcasting   | 3 |  3.0
Unarmed Combat | 4 5 6 7 9 11 13 | 13.1
Dodging        | 3 4 6 |  6.3
Transmutations | 3 4 5 6 8 10 | 10.0
Fighting       | 2 4 5 8 9 |  9.0
Ice Magic      | 5 |  5.0
Translocations | 2 |  2.0

Action                     |  1- 3 |  4- 6 |  7- 9 | 10-12 || total
---------------------------+-------+-------+-------+-------++-------
  Melee: Unarmed           |    93 |   118 |   162 |   276 ||   649
         Kick              |    13 |    16 |    26 |     8 ||    63
         Headbutt          |     7 |    13 |    22 |    12 ||    54
         Punch             |     1 |     6 |     4 |     3 ||    14
   Cast: Beastly Appendage |     9 |    12 |    12 |     5 ||    38
         Wereblood         |       |     2 |     2 |    11 ||    15
         Spider Form       |       |     4 |     2 |     2 ||     8
         Ice Form          |       |       |     3 |    16 ||    19
Ability: Lunge             |       |       |     2 |    11 ||    13
         Whirlwind         |       |       |       |    24 ||    24
  Evoke: Wand              |     1 |       |     1 |     4 ||     6
    Use: Scroll            |     5 |       |     1 |     1 ||     7
         Potion            |       |       |       |     1 ||     1
 Armour: Robe              |    20 |     9 |    13 |     2 ||    44
         Skin              |       |     7 |     7 |    70 ||    84
         Steam dragon scal |       |       |       |     5 ||     5
  Dodge: Dodged            |    69 |    97 |   165 |   173 ||   504
